 Dungeon Crawl Stone Soup version 0.19-a0-1513-gf6d23ed (webtiles) character file.

1031 AlphabetPasta the Scholar of Death (level 8, -1/51 HPs)
             Began as a High Elf Necromancer on Sept 12, 2016.
             Was a Follower of Kikubaaqudgha.
             Slain by a wight
             ... wielding a +3 trident
              (11 damage)
             ... on level 6 of the Dungeon.
             The game lasted 00:28:31 (5627 turns).

AlphabetPasta the Scholar of Death (HENe)           Turns: 5627, Time: 00:28:33

Health: -1/51      AC:  3    Str:  7    XL:     8   Next: 3%
Magic:  8/17       EV: 14    Int: 23    God:    Kikubaaqudgha [*.....]
Gold:   314        SH:  0    Dex: 16    Spells: 6 memorised, 2 levels left

rFire  . . .     SeeInvis .     a - +1 falchion
rCold  . . .     Gourm    .     v - +1 robe
rNeg   . . .     Faith    .     (no shield)
rPois  .         Spirit   .     (no helmet)
rElec  .         Dismiss  .     (no cloak)
rCorr  .         Reflect  .     (no gloves)
MR     .....     Harm     .     (no boots)
Stlth  ++........               (no amulet)
                                u - +2 ring of intelligence
                                y - +2 ring of evasion

@: drained
A: no striking features
a: Receive Corpses, Renounce Religion


You were on level 6 of the Dungeon.
You worshipped Kikubaaqudgha.
Kikubaaqudgha was aware of your devotion.
You were not hungry.

You visited 2 branches of the dungeon, and saw 7 of its levels.

You collected 314 gold pieces.

Inventory:

Hand Weapons
 a - a +1 falchion (weapon)
Missiles
 o - 116 arrows
Armour
 v - a +1 robe (worn)
Jewellery
 s - an uncursed ring of wizardry
 u - a +2 ring of intelligence (right hand)
 y - a +2 ring of evasion (left hand)
 A - an uncursed ring of ice {unknown}
Wands
 d - a wand of acid (5/15)
Scrolls
 e - 3 scrolls of identify
 h - a scroll of blinking
 l - 2 scrolls of teleportation
 p - 2 scrolls of amnesia
 r - 6 scrolls of remove curse
 B - a scroll of vulnerability {unknown}
 C - a scroll of enchant weapon
Potions
 i - a potion of resistance
 j - a potion of magic
 n - a potion of degeneration
 q - 2 potions of might
 t - a potion of brilliance
 x - a potion of haste {unknown}
 z - 3 potions of curing
 E - a potion of ambrosia {unknown}
Books
 b - a book of Necromancy

   Spells                             Type                      Level
   a - Pain                           Necromancy                   1
   b - Animate Skeleton               Necromancy                   1
   c - Vampiric Draining              Necromancy                   3
   d - Regeneration                   Charms/Necromancy            3
   e - Animate Dead                   Necromancy                   4
   f - Control Undead                 Necromancy                   4
 F - Kikubaaqudgha's Reference Book on Sinister Secrets
   (Kikubaaqudgha gifted it to you on level 6 of the Dungeon)

   Spells                             Type                      Level
   a - Pain                           Necromancy                   1
   b - Corpse Rot                     Necromancy                   2
   c - Sublimation of Blood           Necromancy                   2
   d - Regeneration                   Charms/Necromancy            3
   e - Control Undead                 Necromancy                   4
Comestibles
 c - 6 bread rations
 f - 4 meat rations
 g - a fruit
 k - 3 beef jerkies
 m - a slice of pizza
 D - 2 chunks of flesh


   Skills:
 - Level 2.5(1.9) Fighting
 + Level 2.8(2.2) Long Blades
 - Level 2.1(1.5) Dodging
 - Level 2.1(1.5) Stealth
 + Level 5.7(5.0) Spellcasting
 * Level 6.7(6.0) Necromancy


You had 2 spell levels left.
You knew the following spells:

 Your Spells              Type           Power        Failure   Level  Hunger
a - Pain                  Necr           ####         1%          1    None
b - Animate Skeleton      Necr           N/A          1%          1    None
c - Vampiric Draining     Necr           ####......   2%          3    ##.....
d - Regeneration          Chrm/Necr      ###.......   10%         3    ##.....
e - Animate Dead          Necr           N/A          10%         4    ####...
f - Control Undead        Necr           ####......   10%         4    ####...


Dungeon Overview and Level Annotations

Branches:
Dungeon (6/15)             Temple (1/1) D:4

Altars:
Ashenzari
Cheibriados
Dithmenos
Elyvilon
Fedhas
Gozag
Hepliaklqana
Kikubaaqudgha
Makhleb
Nemelex Xobeh
Okawaru
Qazlal
Ru
Sif Muna
Trog
Uskayaw
Vehumet
Xom
Yredelemnul
Zin
The Shining One


Message History

* * * LOW HITPOINT WARNING * * *
You feel drained.
Your orc skeleton misses the wight.
You feel much better. The wight barely misses you.
Your orc skeleton barely misses the wight.
You hit the wight.
The wight is moderately damaged.
The wight barely misses you.
Your orc skeleton hits the wight but does no damage.
You hit the wight.
The wight is heavily damaged.
The wight hits you with an enchanted trident!
Your orc skeleton closely misses the wight.
You hit the wight.
The wight is severely damaged.
The wight hits you with an enchanted trident!
* * * LOW HITPOINT WARNING * * *
Your orc skeleton hits the wight.
The wight hits you with an enchanted trident!
You die...
Kikubaaqudgha rasps: "You have failed me!
Welcome... death!"

#.......#
#.......###
#.........##
........#..#########
....................
...#.##.####.######
...#. #.# #...## ..
.. #.# ###..# ## ..#
##@# .. #z# #.Z .).#
##.# .# .. #.


You could see a wight and a friendly orc skeleton.

Vanquished Creatures
  A phantom (D:5)
  An ogre (D:5)
  Blork the orc (D:4)
  A giant frog (D:6)
  3 scorpions (D:4)
  A crimson imp (D:5)
  An orc priest (D:4)
  2 hounds (D:4)
  An orc wizard (D:4)
  Jessica (D:2)
  An iguana (D:4)
  7 worker ants
  4 gnolls (D:5)
  8 adders
  A shadow imp (D:6)
  2 adder skeletons
  A worm (D:2)
  2 dart slugs (D:1)
  2 giant geckos
  4 orcs
  5 bats
  2 giant cockroaches
  4 hobgoblins
  4 jackals
  4 kobolds
  A quokka (D:6)
  A ball python (D:1)
  3 giant newts
  5 goblins
  A quokka skeleton (D:5)
  4 rats
79 creatures vanquished.

Vanquished Creatures (collateral kills)
  A wight (D:6)
  A worker ant (D:4)
  2 worms
  2 orcs (D:4)
6 creatures vanquished.

Grand Total: 85 creatures vanquished

Notes
Turn   | Place    | Note
-------+----------+-------------------------------------------
     0 | D:1      | AlphabetPasta the High Elf Necromancer began the quest for the Orb.
     0 | D:1      | Reached XP level 1. HP: 11/11 MP: 4/4
   286 | D:1      | Learned a level 1 spell: Animate Skeleton
   500 | D:1      | Reached XP level 2. HP: 3/17 MP: 0/6
  1618 | D:2      | Reached XP level 3. HP: 21/21 MP: 0/8
  1726 | D:2      | Noticed Jessica
  1732 | D:2      | Killed Jessica
  1732 | D:2      | Reached skill level 4 in Necromancy
  1889 | D:2      | Reached XP level 4. HP: 22/27 MP: 1/9
  1894 | D:2      | Learned a level 3 spell: Vampiric Draining
  1898 | D:2      | Learned a level 3 spell: Regeneration
  3021 | D:4      | Reached skill level 1 in Long Blades
  3021 | D:4      | Reached XP level 5. HP: 10/31 MP: 2/11
  3279 | D:4      | Reached skill level 5 in Necromancy
  3332 | D:4      | Reached XP level 6. HP: 19/36 MP: 8/13
  3403 | D:4      | Learned a level 3 spell: Regeneration
  3408 | D:4      | Learned a level 4 spell: Animate Dead
  3433 | D:4      | Found a staircase to the Ecumenical Temple.
  3469 | D:4      | Reached skill level 1 in Fighting
  3492 | Temple   | Entered the Ecumenical Temple
  3562 | D:4      | Noticed Blork the orc
  4135 | D:4      | Killed Blork the orc
  4135 | D:4      | Reached XP level 7. HP: 33/44 MP: 11/15
  4142 | D:4      | Found a deep blue altar of Sif Muna.
  4217 | D:5      | Entered Level 5 of the Dungeon
  4275 | D:5      | Reached skill level 5 in Spellcasting
  4275 | D:5      | Reached skill level 6 in Necromancy
  4284 | D:5      | Found a glowing silver altar of Zin.
  4284 | D:5      | Found a burning altar of Makhleb.
  4287 | D:5      | Found an ancient bone altar of Kikubaaqudgha.
  4289 | D:5      | Found a sacrificial altar of Ru.
  4290 | D:5      | Found a blossoming altar of Fedhas.
  4295 | D:5      | Became a worshipper of Kikubaaqudgha
  5315 | D:6      | Learned a level 4 spell: Control Undead
  5602 | D:6      | Reached XP level 8. HP: 40/51 MP: 9/17
  5615 | D:6      | Reached * piety under Kikubaaqudgha
  5615 | D:6      | Identified Kikubaaqudgha's Reference Book on Sinister Secrets (Kikubaaqudgha gifted it to you on level 6 of the Dungeon)
  5615 | D:6      | Received a gift from Kikubaaqudgha
  5627 | D:6      | Slain by a wight

Vault maps used:
D:1:      minmay_arrival_stair_chambers, wad_floor_pattern_2, st_stairs_1
D:2:      uniq_jessica
D:3:      minmay_fountain_box
D:4:      tgw_sif, first_bread
D:5:      grunt_temple_overflow_open
D:6:      uniq_menkaure, uniq_blork_the_orc
Temple:   nicolae_temple_no_exploring_needed

Skill      XL: |  1  2  3  4  5  6  7 |
---------------+----------------------+-----
Spellcasting   | 3 4 5 |  5.7
Necromancy     | 4 5 6 |  6.7
Long Blades    | 1 2 |  2.8
Fighting       | 1 2 |  2.5
Dodging        | |  2.1
Stealth        | |  2.1

Action                   |  1- 3 |  4- 6 |  7- 9 || total
-------------------------+-------+-------+-------++-------
Melee: Unarmed           |     6 |       |       ||     6
       Falchion          |       |    18 |    89 ||   107
 Cast: Pain              |    54 |    92 |    59 ||   205
       Animate Skeleton  |     9 |    14 |     6 ||    29
       Animate Dead      |       |     2 |     4 ||     6
       Regeneration      |       |     1 |     6 ||     7
Evoke: Wand              |       |     1 |       ||     1
  Use: Potion            |     1 |     2 |     1 ||     4
       Scroll            |       |    13 |     2 ||    15
 Stab: Distracted        |       |     1 |       ||     1
       Sleeping          |       |       |     1 ||     1
  Eat: Chunk             |     3 |     6 |     4 ||    13
       Royal jelly       |       |       |     1 ||     1
       Fruit             |       |       |     1 ||     1
Armor: Robe              |     9 |     1 |     9 ||    19
Dodge: Dodged            |    17 |    20 |    56 ||    93
